 Dungeon Crawl Stone Soup version 0.23-a0-473-gc8aadda (webtiles) character file.

55 XanderDroid the Skirmisher (level 3, -1/31 HPs)
             Began as a Gnoll Wanderer on Nov 27, 2018.
             Slain by an orc
             ... wielding a +0 trident
              (9 damage)
             ... on level 2 of the Dungeon.
             The game lasted 00:06:10 (1858 turns).

XanderDroid the Skirmisher (Gnoll Wanderer)         Turns: 1858, Time: 00:06:11

Health: -1/31      AC:  4    Str: 17    XL:     3   Next: 93%
Magic:  7/7        EV: 11    Int: 12    God:
Gold:   88         SH:  0    Dex: 14    Spells: 7/7 levels left

rFire    . . .     SeeInvis .   a - +2 dagger (drain)
rCold    . . .     Gourm    .   (no shield)
rNeg     . . .     Faith    .   j - +0 leather armour (curse)
rPois    .         Spirit   .   (no helmet)
rElec    .         Reflect  .   (no cloak)
rCorr    .         Harm     .   (no gloves)
MR       .....                  m - +0 pair of boots
Stlth    ++........             (no amulet)
HPRegen  0.10/turn              h - ring of stealth
MPRegen  0.10/turn              (no ring)

@: drained
A: distributed training, fangs 1, strong nose
a: no special abilities


You were on level 2 of the Dungeon.
You were not hungry.

You visited 1 branch of the dungeon, and saw 2 of its levels.

You collected 88 gold pieces.

Inventory:

Hand Weapons
 a - a +2 dagger of draining (weapon)
 b - a +0 spear
Armour
 j - a cursed +0 leather armour (worn)
 m - a +0 pair of boots (worn)
Jewellery
 h - a ring of stealth (left hand)
Wands
 o - a wand of paralysis (15)
Scrolls
 e - 2 scrolls of remove curse {unknown}
 i - a scroll of amnesia {unknown}
 l - 2 scrolls of identify {unknown}
 n - a scroll of enchant armour {unknown}
Potions
 c - a potion of curing
 g - a potion of haste {unknown}
 k - a potion of might {unknown}
Comestibles
 d - 2 chunks of flesh
 f - 2 rations


   Skills:
 + Level 4.6(3.5) Fighting
 + Level 1.0(0.0) Short Blades
 + Level 1.0(0.0) Long Blades
 + Level 1.0(0.0) Axes
 + Level 1.0(0.0) Maces & Flails
 + Level 1.0(0.0) Polearms
 + Level 1.0(0.0) Staves
 + Level 1.0(0.0) Slings
 + Level 1.0(0.0) Bows
 + Level 1.0(0.0) Crossbows
 + Level 2.6(1.6) Throwing
 + Level 2.6(1.6) Armour
 + Level 1.0(0.0) Dodging
 + Level 1.0(0.0) Stealth
 + Level 1.0(0.0) Shields
 + Level 1.0(0.0) Unarmed Combat
 + Level 2.9(1.9) Spellcasting
 + Level 0.7(0.0) Conjurations
 + Level 3.8(2.7) Hexes
 + Level 0.7(0.0) Charms
 + Level 0.7(0.0) Summonings
 + Level 0.7(0.0) Necromancy
 + Level 0.7(0.0) Translocations
 + Level 0.7(0.0) Transmutations
 + Level 0.7(0.0) Fire Magic
 + Level 0.7(0.0) Ice Magic
 + Level 3.8(2.7) Air Magic
 + Level 0.7(0.0) Earth Magic
 + Level 0.7(0.0) Poison Magic
 + Level 1.0(0.1) Invocations
 + Level 2.6(1.6) Evocations


You had 7 spell levels left.
You didn't know any spells.
Your spell library was empty.

Dungeon Overview and Level Annotations

Branches:
Dungeon (2/15)

Altars:
Uskayaw


Innate Abilities, Weirdness & Mutations

Your experience applies equally to all skills.
You have very sharp teeth.
Your uncanny sense of smell can sniff out nearby items.


Message History

You see here an orc corpse.
You hit the orc priest but do no damage.
The orc misses you.
The orc priest invokes the aid of Beogh against you.
Beogh smites you!
You are too injured to fight recklessly!
You are too injured to fight recklessly!
You are too injured to fight recklessly!
You are too injured to fight recklessly!
You closely miss the orc priest. The orc misses you.
The orc priest barely misses you.
You hit the orc priest but do no damage.
You drain the orc priest!
You bite the orc priest, but do no damage.
The orc priest is lightly wounded.
The orc hits you from afar with a +0 trident!
* * * LOW HITPOINT WARNING * * *
You feel better.
The orc hits you from afar with a +0 trident!
You die...

##.# ##.# #o.# #..#
#o## #.## #.# #.#
#.# #.# #.## #.#
#..## ##.#
##oo############..#
##oo@...........##
################


You could see an orc priest, an orc wizard and 2 orcs.

Vanquished Creatures
  An adder (D:2)
  An ooze (D:1)
  2 dart slugs (D:1)
  A leopard gecko (D:1)
  An orc (D:2)
  7 goblins
  3 hobgoblins (D:1)
  6 bats (D:1)
  2 frilled lizards (D:1)
  7 kobolds
  5 rats
36 creatures vanquished.

Notes
Turn   | Place    | Note
-------+----------+-------------------------------------------
     0 | D:1      | XanderDroid the Gnoll Wanderer began the quest for the Orb.
     0 | D:1      | XanderDroid set off with the following items: a wand of
                  | paralysis (15), a +0 spear, a potion of curing, a +0 robe,
                  | a ration
     0 | D:1      | Reached XP level 1. HP: 20/20 MP: 4/4
   271 | D:1      | Reached XP level 2. HP: 26/26 MP: 5/5
   847 | D:1      | Reached XP level 3. HP: 26/31 MP: 7/7
  1227 | D:1      | Reached skill level 1 in Invocations
  1663 | D:2      | Noticed a +0 hand axe
  1663 | D:2      | Noticed a +0 dagger
  1667 | D:2      | Found a hide-covered altar of Uskayaw.
  1787 | D:2      | Reached skill level 1 in Short Blades
  1787 | D:2      | Reached skill level 1 in Long Blades
  1787 | D:2      | Reached skill level 1 in Axes
  1787 | D:2      | Reached skill level 1 in Maces & Flails
  1787 | D:2      | Reached skill level 1 in Polearms
  1787 | D:2      | Reached skill level 1 in Staves
  1787 | D:2      | Reached skill level 1 in Slings
  1787 | D:2      | Reached skill level 1 in Bows
  1787 | D:2      | Reached skill level 1 in Crossbows
  1787 | D:2      | Reached skill level 1 in Dodging
  1787 | D:2      | Reached skill level 1 in Stealth
  1787 | D:2      | Reached skill level 1 in Shields
  1787 | D:2      | Reached skill level 1 in Unarmed Combat
  1858 | D:2      | Slain by an orc

Vault maps used:
D:1:      lightli_arrival_farm
D:2:      minmay_general_purpose_star, nicolae_overflow_crystal_walls,
          marbit_many_paths, dancing_weapons_uskayaw,
          chequers_ecumenical_altar_grove, minivault_11, minmay_octomino_c4

Skill      XL: |  1  2  3 |
---------------+----------+-----
Invocations    | 1 |  1.0
Short Blades   | 1 |  1.0
Long Blades    | 1 |  1.0
Axes           | 1 |  1.0
Maces & Flails | 1 |  1.0
Polearms       | 1 |  1.0
Staves         | 1 |  1.0
Slings         | 1 |  1.0
Bows           | 1 |  1.0
Crossbows      | 1 |  1.0
Dodging        | 1 |  1.0
Stealth        | 1 |  1.0
Shields        | 1 |  1.0
Unarmed Combat | 1 |  1.0
Fighting       | |  4.6
Throwing       | |  2.6
Armour         | |  2.6
Spellcasting   | |  2.9
Conjurations   | |  0.7
Hexes          | |  3.8
Charms         | |  0.7
Summonings     | |  0.7
Necromancy     | |  0.7
Translocations | |  0.7
Transmutations | |  0.7
Fire Magic     | |  0.7
Ice Magic      | |  0.7
Air Magic      | |  3.8
Earth Magic    | |  0.7
Poison Magic   | |  0.7
Evocations     | |  2.6

Action                   || total
-------------------------++-------
Melee: Spear             ||   103
       Bite              ||     7
       Dagger            ||    16
  Use: Potion            ||     1
 Stab: Sleeping          ||     4
  Eat: Chunk             ||     3
Armor: Robe              ||    10
       Leather armour    ||     4
Dodge: Dodged            ||    61

Table legend:
 A = Non-vault XP
 B = Vault XP
 C = Vault XP percentage of total XP
 D = Non-vault monster count
 E = Vault monster count
 F = Vault count percentage of total count
                 A         B        C        D         E       F
            +---------+---------+-------+---------+---------+-------
      Total |      79 |       0 |   0.0 |      36 |       0 |   0.0
            +---------+---------+-------+---------+---------+-------
        D:1 |      57 |       0 |   0.0 |      30 |       0 |   0.0
        D:2 |      22 |       0 |   0.0 |       6 |       0 |   0.0
            +---------+---------+-------+---------+---------+-------
